 Dungeon Crawl Stone Soup version 0.30.1-4-g462c640d31 (webtiles) character file.

Game seed: 13787718674676669345

1031 GeoRichter the Firebug (level 8, 0/57 HPs)
             Began as a Black Draconian Fire Elementalist on Aug 17, 2023.
             Was a Believer of Ru.
             Slain by an ogre
             ... wielding a +0 giant club
              (25 damage)
             ... on level 5 of the Dungeon.
             The game lasted 00:06:39 (5349 turns).

GeoRichter the Firebug (DrFE)                       Turns: 5349, Time: 00:06:40

Health: 0/57       AC:  7    Str: 11    XL:     8   Next: 3%
Magic:  0/15       EV: 12    Int: 17    God:    Ru [**....]
Gold:   213        SH:  0    Dex: 12    Spells: 10/17 levels left

rFire   . . .        c - +3 rapier
rCold   + . .        (no shield)
rNeg    . . .        (body armour unavailable)
rPois   .            (helmet restricted)
rElec   +            q - +0 cloak
rCorr   .            (no gloves)
SInv    .            (no boots)
Will    .....        (no amulet)
Stlth   ++           e - ring of protection from cold
HPRegen 0.29/turn    (no ring)
MPRegen 0.14/turn

%: no passive effects
@: lethally poisoned (0 -> -4), short of breath
A: breathe lightning, AC +6, unfitting armour, electricity resistance,
cold-blooded, hated by all
a: Breathe Lightning, Renounce Religion


You were on level 5 of the Dungeon.
You worshipped Ru.
Ru was pleased with you.
You visited 1 branch of the dungeon, and saw 5 of its levels.

You collected 213 gold pieces.

Inventory:

Hand Weapons
 c - a +3 rapier (weapon)
   (You found it on level 1 of the Dungeon)
Armour
 q - a +0 cloak (worn)
   (You found it on level 4 of the Dungeon)
Jewellery
 e - a ring of protection from cold (left hand)
   (You found it on level 1 of the Dungeon)
 n - a +6 ring of strength
   (You found it on level 3 of the Dungeon)
Scrolls
 d - 2 scrolls of teleportation {unknown}
 f - a scroll of fog {unknown}
 h - a scroll of brand weapon {unknown}
 j - 2 scrolls of noise {unknown}
 k - 3 scrolls of immolation {!r}
 r - 2 scrolls of identify {@r1}
 s - a scroll of torment {unknown}
 t - a scroll of magic mapping {unknown}
Potions
 a - 2 potions of curing {unknown}
 b - a potion of degeneration {unknown}
 g - a potion of invisibility
 i - 2 potions of heal wounds {unknown}
 l - 3 potions of flight
 m - a potion of resistance
 o - a potion of brilliance {unknown}
 p - a potion of might {unknown}


   Skills:
 - Level 1.7 Dodging
 - Level 1.7 Stealth
 - Level 5.0 Spellcasting
 - Level 1.0 Conjurations
 - Level 6.8 Fire Magic
 * Level 5.5 Air Magic


You had 10 spell levels left.
You knew the following spells:

 Your Spells              Type           Power      Damage    Failure   Level
a - Foxfire               Conj/Fire      68%        2x1d7     2%          1
b - Scorch                Fire           54%        2d7       1%          2
c - Airstrike             Air            11%        2d(2-18)  14%         4

Your spell library contained the following spells:

 Spells                   Type           Power      Damage    Failure   Level
 Poisonous Vapours        Pois/Air       26%        N/A       7%          2
 Inner Flame              Hex/Fire       15%        N/A       11%         3
 Volatile Blastmotes      Fire/Tloc      30%        2d12      11%         3
 Vhi's Electric Charge    Tloc/Air       26%        N/A       14%         3
 Flame Wave               Conj/Fire      17%        2d7       28%         4
 Silence                  Hex/Air        6%         N/A       77%         5
 Summon Small Mammal      Summ           Unusable   N/A       N/A         1
 Call Canine Familiar     Summ           Unusable   N/A       N/A         3
 Summon Guardian Golem    Hex/Summ       Unusable   N/A       N/A         3

Dungeon Overview and Level Annotations

Branches:
Dungeon (5/15) Zot: 24620  Temple (0/1) D:4

Altars:
Ru
Xom


Innate Abilities, Weirdness & Mutations

You can breathe wild blasts of lightning.
Your glossy black scales are hard. (AC +6)
You cannot fit into any form of body armour.
You are resistant to electric shocks. (rElec)
You are cold-blooded and may be slowed by cold attacks.
You are hated by all.


Message History

Casting: Scorch (safe; 1% risk of failure)
Confirm with . or Enter, or press ? or * to list all spells.
Flames lash the scorpion.
The scorpion is burned terribly!
The scorpion is severely wounded.
You conjure some foxfire!
The scorpion stings you.
You are poisoned.
The scorpion poisons you!
Casting: Foxfire (safe; 2% risk of failure)
Confirm with . or Enter, or press ? or * to list all spells.
Flames lash the scorpion.
The scorpion is burned terribly!
The scorpion is almost dead.
You feel very sick.
The foxfire hits the scorpion but does no damage.
The scorpion is almost dead.
The scorpion misses you. The scorpion stings you.
You are more poisoned.
The scorpion poisons you!
Casting: Scorch (safe; 1% risk of failure)
Confirm with . or Enter, or press ? or * to list all spells.
Flames lash the ogre.
The ogre is moderately wounded.
The ogre's fire resistance burns away.
You feel very sick.
The scorpion stings you but does no damage.
Casting: Scorch (safe; 1% risk of failure)
Confirm with . or Enter, or press ? or * to list all spells.
Flames lash the scorpion.
The scorpion is burned terribly!
You kill the scorpion!
You feel very sick.
You have reached level 8!
You feel agile.
Activating: Breathe Lightning (4% risk of failure)
Press: ? - help, Dir - look around, f - activate You breathe a wild blast of lightning!
You feel very sick.
You hear an angry hiss.
The ogre hits you with a +0 giant club!
Casting: Scorch (safe; 1% risk of failure)
Confirm with . or Enter, or press ? or * to list all spells.
Flames lash the ogre.
The ogre is burned terribly!
The ogre is heavily wounded.
You feel sick.
You feel sick.
Casting: Scorch (safe; 1% risk of failure)
Confirm with . or Enter, or press ? or * to list all spells.
Flames lash the ogre.
The ogre is burned terribly!
The ogre is heavily wounded.
You feel sick.
The ogre hits you with a +0 giant club!!
You die...

.........##..# #.# .#######.##..#
# #.# .........#..# .# #.#
#######..#..###. #.# #######
##........... #.# #......
#.......[..# #.# #.#####
####..#..#..#.## ##.###.#
............O..# ##.#.##.#
####.##..#.##@.###.###.#.##
#.##..#.##..##.## ##...#
#.#####.##..#.##..###.###.#..#
#......<...............#.##..#
#######.#####.).......#.###..####
#.# ####..#########......
#.########............#####
#..........############
############


You could see an ogre (combustible).

Vanquished Creatures
  A black bear (D:5)
  2 ice beasts
  An ogre (D:5)
  2 scorpions (D:5)
  A howler monkey (D:5)
  4 crimson imps
  2 hounds
  A jelly (D:5)
  3 iguanas
  2 sleepcaps
  3 gnolls (D:4)
  4 adders
  4 ufetubi
  A worm (D:2)
  2 dart slugs
  2 orcs
  4 ball pythons
  10 endoplasms
  4 giant cockroaches
  5 goblins
  8 hobgoblins
  2 jackals (D:1)
  3 quokkas
  4 bats
  2 frilled lizards (D:1)
  4 kobolds
  7 rats
88 creatures vanquished.

Vanquished Creatures (collateral kills)
  6 foxfires (D:1)
6 creatures vanquished.

Vanquished Creatures (others)
  96 foxfires
96 creatures vanquished.

Grand Total: 190 creatures vanquished

Notes
Turn   | Place    | Note
-------+----------+-------------------------------------------
     0 | D:1      | GeoRichter the Draconian Fire Elementalist began the quest
                  | for the Orb.
     0 | D:1      | Reached XP level 1. HP: 14/14 MP: 3/3
   289 | D:1      | Reached XP level 2. HP: 20/20 MP: 3/5
   292 | D:1      | Learned a level 2 spell: Scorch
   442 | D:1      | Got Zauts's Secrets of Fumes
  1298 | D:2      | Reached XP level 3. HP: 26/26 MP: 1/6
  1636 | D:2      | Found a sacrificial altar of Ru.
  1651 | D:2      | Reached skill level 4 in Fire Magic
  1708 | D:2      | Became a worshipper of Ru the Awakened
  2194 | D:3      | Found a faded altar of an unknown god.
  2438 | D:3      | Reached XP level 4. HP: 33/33 MP: 3/8
  3055 | D:4      | Found a shimmering altar of Xom.
  3116 | D:4      | Reached skill level 5 in Fire Magic
  3207 | D:3      | Reached XP level 5. HP: 30/38 MP: 9/9
  3492 | D:4      | Gained mutation: You are hated by all. [Ru sacrifice]
  3492 | D:4      | Reached * piety under Ru
  3492 | D:4      | Reached ** piety under Ru
  3531 | D:4      | Reached XP level 6. HP: 45/45 MP: 5/11
  3604 | D:4      | Found a staircase to the Ecumenical Temple.
  3862 | D:4      | Reached skill level 6 in Fire Magic
  4232 | D:5      | Entered Level 5 of the Dungeon
  4232 | D:5      | Noticed an ice beast
  4237 | D:4      | Killed an ice beast
  4362 | D:5      | Your scales start taking on a glossy black colour.
  4362 | D:5      | Reached XP level 7. HP: 50/50 MP: 4/13
  4362 | D:5      | Gained mutation: You are resistant to electric shocks.
                  | (rElec) [Black Draconian growth]
  4759 | D:5      | Learned a level 4 spell: Airstrike
  5085 | D:5      | Reached skill level 5 in Spellcasting
  5289 | D:5      | Reached skill level 5 in Air Magic
  5346 | D:5      | Reached XP level 8. HP: 40/57 MP: 3/15
  5349 | D:5      | Slain by an ogre

Illustrated notes

Levels and vault maps discovered:
D:1:      roderic_crop_circles_arrival_small, layout_loops_ring
D:2:      layout_rooms, serial_rivers, chequers_serial_rivers_room_b,
          chequers_serial_rivers_small_a, chequers_serial_rivers_room_b,
          chequers_serial_rivers_micro_a, chequers_serial_rivers_micro_e,
          basic_altar
D:3:      layout_basic, hellmonk_ecumenical_altar_blasted
D:4:      layout_basic, led_xom_imps, minmay_temple_entry_antechambers,
          minmay_cupped
D:5:      layout_loops_ring, water_boxes_lemuel

Skill      XL: |  1  2  3  4  5  6  7 |
---------------+----------------------+-----
Fire Magic     | 4 5 6 |  6.8
Spellcasting   | 3 4 5 |  5.0
Air Magic      | 5 |  5.5
Dodging        | |  1.7
Stealth        | |  1.7
Conjurations   | |  1.0

Action                     |  1- 3 |  4- 6 |  7- 9 || total
---------------------------+-------+-------+-------++-------
  Melee: Unarmed           |     5 |       |       ||     5
         Tailslap          |     1 |     9 |       ||    10
         Rapier            |     9 |   100 |       ||   109
         Punch             |       |     2 |       ||     2
   Cast: Foxfire           |    48 |     8 |     7 ||    63
         Scorch            |    22 |    46 |    35 ||   103
 Invoke: Sacrifice Love    |       |     1 |       ||     1
Ability: Breathe Lightning |       |       |     1 ||     1
    Use: Potion            |     1 |     1 |       ||     2
         Scroll            |       |     7 |       ||     7
   Stab: Invisible         |       |     3 |       ||     3
 Armour: Skin              |    11 |    36 |     2 ||    49
  Dodge: Dodged            |    15 |    73 |     5 ||    93
